 Dungeon Crawl Stone Soup version 0.19-a0-1692-g68728bb (webtiles) character file.

6792 graffen69 the Slicer (level 10, -3/51 HPs)
             Began as a Spriggan Berserker on Sept 25, 2016.
             Was an Elder of Trog.
             Slain by drd's ghost (24 damage)
             ... on level 9 of the Dungeon.
             The game lasted 00:25:07 (9134 turns).

graffen69 the Slicer (Spriggan Berserker)           Turns: 9134, Time: 00:25:08

Health: -3/51      AC:  6    Str: 15 (16) XL:     10   Next: 76%
Magic:  0/15       EV: 24    Int:  9 (10) God:    Trog [****..]
Gold:   485        SH: 10    Dex: 14 (15) Spells: 0 memorised, 14 levels left

rFire  . . .     SeeInvis +     a - +2 dagger (venom)
rCold  . . .     Gourm    .     r - +0 animal skin
rNeg   . . .     Faith    .     f - +0 buckler
rPois  .         Spirit   .     (helmet restricted)
rElec  .         Dismiss  .     G - +2 cloak
rCorr  .         Reflect  +     (gloves unavailable)
MR     +++..     Harm     .     (boots unavailable)
Stlth  +++.......               F - +3 amulet of reflection
                                (no ring)
                                (no ring)

@: regenerating, very quick
A: unfitting armour, see invisible, herbivore 3, speed 3, slow metabolism 2
a: Berserk, Trog's Hand, Brothers in Arms, Burn Spellbooks, Renounce Religion


You were on level 9 of the Dungeon.
You worshipped Trog.
Trog was greatly pleased with you.
You were not hungry.

You visited 2 branches of the dungeon, and saw 10 of its levels.
You also visited: Ossuary.

You collected 605 gold pieces.
You spent 120 gold pieces at shops.

Inventory:

Hand Weapons
 a - a +2 dagger of venom (weapon)
 b - a +0 hunting sling
 c - a +0 blowgun
 h - a +0 short sword
 k - a +0 spear
 m - a +0 hand axe of electrocution
 K - a +4 dagger of chaos
Missiles
 g - 30 sling bullets
 u - 68 poisoned needles
 x - 7 curare-tipped needles
 C - 5 tomahawks (quivered)
Armour
 f - a +0 buckler (worn)
 r - a +0 animal skin (worn)
 G - a +2 cloak (worn)
Jewellery
 e - an uncursed ring of fire
 F - a +3 amulet of reflection (around neck)
Wands
 w - a wand of lightning (8/15)
 D - a wand of slowing (29/48)
 T - a wand of random effects (24/48)
Scrolls
 d - 9 scrolls of immolation {unknown}
 l - 2 scrolls of remove curse
 n - 2 scrolls of teleportation {unknown}
 p - 10 scrolls of identify
 q - 3 scrolls of enchant weapon {unknown}
 y - a scroll of noise {unknown}
 B - 2 scrolls of fear {unknown}
 E - 3 scrolls of torment {unknown}
 J - 2 scrolls of fog {unknown}
 L - 4 scrolls of enchant armour {unknown}
 M - a scroll of brand weapon {unknown}
 U - a scroll of magic mapping {unknown}
Potions
 j - 2 potions of brilliance {unknown}
 o - a potion of resistance
 s - 10 potions of curing
 t - 2 potions of haste
 v - a potion of lignification {unknown}
 A - a potion of magic {unknown}
 I - 2 potions of degeneration
 O - a potion of cure mutation {unknown}
 P - a potion of ambrosia {unknown}
 Q - 2 potions of might {unknown}
 R - a potion of cancellation {unknown}
 S - a potion of mutation {unknown}
Books
 N - a Young Poisoner's Handbook

   Spells                             Type                      Level
   a - Sting                          Conjuration/Poison           1
   b - Mephitic Cloud                 Conjuration/Poison/Air       3
   c - Olgreb's Toxic Radiance        Poison                       4
   d - Alistair's Intoxication        Transmutation/Poison         5
   e - Venom Bolt                     Conjuration/Poison           5
   Trog disapproves of the use of such an item.
Comestibles
 i - 15 fruits
 z - 3 bread rations


   Skills:
 + Level 5.5 Fighting
 * Level 11.0 Short Blades
 * Level 5.6 Armour
 + Level 9.2 Dodging
 - Level 4.0 Stealth
 * Level 7.0 Shields
 + Level 2.8 Spellcasting


You had 14 spell levels left.
You didn't know any spells.

Dungeon Overview and Level Annotations

Branches:
Dungeon (9/15)             Temple (1/1) D:6            Lair (0/6) D:9
    Orc: D:9-12

Altars:
Ashenzari
Cheibriados
Dithmenos
Elyvilon
Fedhas
Gozag
Hepliaklqana
Kikubaaqudgha
Makhleb
Nemelex Xobeh
Okawaru
Qazlal
Ru
Sif Muna
Trog
Uskayaw
Vehumet
Xom
Yredelemnul
Zin
The Shining One

Shops:
D:4 *

Annotations:
D:9 drd's ghost, novice DsFi


Innate Abilities, Weirdness & Mutations

You are very small and have problems with some larger weapons.
You are too small for most types of armour.
You have supernaturally acute eyesight. (SInv)
You are a herbivore.
You cover ground extremely quickly.
You need consume almost no food.


Message History

The orc wizard is moderately wounded.
The orc wizard completely misses you.
You barely miss the orc wizard.
The orc wizard is moderately wounded.
Drd's ghost hits you!
You feel your power leaking away.
You hit the orc wizard.
The orc wizard is severely wounded.
You block the orc wizard's attack.
You hit the orc wizard.
The orc wizard is poisoned.
The orc wizard is severely wounded.
Drd's ghost barely misses you.
You hit the orc wizard.
You kill the orc wizard!
Trog accepts your kill.
Trog appreciates your killing of a magic user.
You hit drd's ghost but do no damage.
Drd's ghost is lightly damaged.
Drd's ghost hits you!!
You die...

#########
#..>.>..#
#.......#
#.......# #
#.......# #.
#....W).#
#..###'##@.#
#.......#..#
#.....W.####..
#.............
#....)))......
#(........o....
#..............
#..............
####.....######


You could see drd's ghost.

Vanquished Creatures
  The ghost of slumpy the Covert, a novice OpCj of Cheibriados (D:8)
  Pikel (D:8)
  Psyche (D:8)
  A troll (D:8)
  A wyvern (D:8)
  2 hungry ghosts
  A vampire mosquito (D:8)
  3 slaves (D:8)
  A phantom (D:8)
  An orc warrior (D:4)
  A sky beast (D:5)
  An ice beast (D:6)
  3 ogres
  2 centaurs
  4 big kobolds
  A bullfrog (D:8)
  A gnoll sergeant (D:8)
  5 scorpions
  A howler monkey (D:4)
  2 crimson imps
  A quasit (D:7)
  4 hounds
  8 orc wizards
  2 orc priests
  A bullfrog skeleton (D:8)
  2 centaur skeletons
  4 jellies
  2 iguanas
  4 worker ants
  A killer bee zombie (D:8)
  A hound skeleton (D:8)
  8 mummies (Ossuary)
  A worker ant zombie (D:9)
  Robin (D:2)
  8 gnolls
  A howler monkey skeleton (D:4)
  15 adders
  2 shadow imps (D:8)
  3 oozes
  An adder zombie (D:5)
  3 adder skeletons
  6 worms
  3 dart slugs
  2 leopard geckos
  32 orcs
  3 ball pythons
  8 bats
  9 giant cockroaches
  13 goblins
  9 hobgoblins
  13 jackals
  23 kobolds
  4 quokkas
  2 frilled lizards (D:1)
  A giant cockroach zombie (D:6)
  A gnoll zombie (Ossuary)
  3 hobgoblin zombies (Ossuary)
  2 jackal skeletons
  A kobold zombie (Ossuary)
  3 leopard gecko skeletons
  3 orc zombies (Ossuary)
  7 rats
255 creatures vanquished.

Vanquished Creatures (collateral kills)
  A hill giant (D:8)
  A wraith (D:8)
  A worker ant (D:8)
3 creatures vanquished.

Vanquished Creatures (others)
  A kobold (D:8)
1 creature vanquished.

Grand Total: 259 creatures vanquished

Notes
Turn   | Place    | Note
-------+----------+-------------------------------------------
     0 | D:1      | graffen69 the Spriggan Berserker began the quest for the Orb.
     0 | D:1      | Reached XP level 1. HP: 11/11 MP: 2/2
   456 | D:1      | Upgraded the game from 0.19-a0-1686-g35356ef to 0.19-a0-1692-g68728bb
   468 | D:1      | Reached skill level 4 in Short Blades
   468 | D:1      | Reached skill level 1 in Armour
   468 | D:1      | Reached XP level 2. HP: 8/16 MP: 2/6
   960 | D:1      | Reached XP level 3. HP: 20/20 MP: 8/8
  1452 | D:2      | Found a shadowy altar of Dithmenos.
  1455 | D:2      | Found a snail-covered altar of Cheibriados.
  1511 | D:2      | Reached XP level 4. HP: 24/24 MP: 9/9
  1580 | D:2      | Reached * piety under Trog
  1598 | D:2      | Reached skill level 5 in Short Blades
  1616 | D:2      | Noticed Robin
  1634 | D:2      | Killed Robin
  1643 | D:2      | Reached XP level 5. HP: 6/28 MP: 10/10
  1912 | D:2      | Noticed a hand axe
  1912 | D:2      | Noticed a hand axe
  1914 | D:2      | Found a hide-covered altar of Uskayaw.
  2048 | D:2      | Found a burning altar of Makhleb.
  2076 | D:2      | Found a basalt altar of Yredelemnul.
  2225 | D:2      | Reached ** piety under Trog
  2225 | D:2      | Reached skill level 5 in Dodging
  2833 | D:3      | Reached XP level 6. HP: 32/32 MP: 11/11
  3300 | D:4      | Noticed an orc warrior
  3332 | D:4      | Reached skill level 6 in Short Blades
  3346 | D:4      | Reached *** piety under Trog
  3461 | D:4      | Killed an orc warrior
  3469 | D:4      | Reached XP level 7. HP: 21/36 MP: 12/12
  3533 | D:4      | Found Vexoip's General Store.
  3536 | D:4      | Bought a potion of heal wounds for 60 gold pieces
  3536 | D:4      | Bought a cursed amulet of inaccuracy for 24 gold pieces
  3536 | D:4      | Bought a potion of curing for 36 gold pieces
  3704 | D:5      | Entered Level 5 of the Dungeon
  3822 | D:5      | Reached skill level 7 in Short Blades
  3999 | D:5      | Reached XP level 8. HP: 39/42 MP: 13/13
  4378 | D:6      | Reached **** piety under Trog
  4431 | D:6      | Found a staircase to the Ecumenical Temple.
  4438 | Temple   | Entered the Ecumenical Temple
  4652 | D:6      | Reached skill level 8 in Short Blades
  4786 | D:6      | Found a sand-covered staircase.
  4810 | Ossuary  | Entered an ossuary
  5515 | D:6      | You fall through a shaft for 2 floors!
  5611 | D:8      | Noticed slumpy's ghost (novice OpCj)
  5636 | D:8      | HP: 2/42 [slumpy's ghost/magic dart (11)]
  5658 | D:8      | Reached skill level 5 in Fighting
  5658 | D:8      | Reached skill level 10 in Short Blades
  5658 | D:8      | Reached skill level 5 in Armour
  5658 | D:8      | Reached XP level 9. HP: 8/47 MP: 14/14
  5689 | D:8      | Killed slumpy's ghost
  5993 | D:7      | Reached XP level 10. HP: 51/51 MP: 15/15
  7657 | D:8      | Noticed a hill giant
  7689 | D:8      | Killed a hill giant
  8031 | D:8      | Noticed Psyche
  8055 | D:8      | Killed Psyche
  8141 | D:8      | Reached skill level 11 in Short Blades
  8673 | D:8      | Noticed Pikel
  8703 | D:8      | Killed Pikel
  8769 | D:9      | Found a staircase to the Lair.
  8858 | D:9      | Noticed drd's ghost (novice DsFi)
  9123 | D:9      | Received a gift from Trog
  9134 | D:9      | Slain by drd's ghost

Vault maps used:
D:1:      minmay_arrival_four_loops, serial_bayou_pond_a
D:2:      overflow_temple_1_default, dancing_weapons_uskayaw,
          nicolae_overflow_hidden_temple, solitary_fountain, uniq_robin
D:3:      first_bread
D:4:      serial_shops, kennysheep_mini
D:5:      guppyfry_early_lair_pool
D:6:      kennysheep_six_static_rooms, enter_ossuary_5
D:8:      minmay_ornate_pinched, uniq_pikel, uniq_psyche
D:9:      erik_lair_orcish_takeover, grunt_ogre_cave
Temple:   compressed_dpeg_circular_temple
Ossuary:  ossuary_tomb_3

Skill      XL: |  1  2  3  4  5  6  7  8  9 10 |
---------------+-------------------------------+-----
Fighting       | 3 5 |  5.5
Short Blades   | 4 5 6 7 10 11 | 11.0
Armour         | 1 2 5 |  5.6
Stealth        | 4 |  4.0
Shields        | 2 3 6 7 |  7.0
Spellcasting   | 2 |  2.8
Dodging        | 5 8 9 |  9.2

Action                   |  1- 3 |  4- 6 |  7- 9 | 10-12 || total
-------------------------+-------+-------+-------+-------++-------
Melee: Short sword       |    32 |       |       |       ||    32
       Dagger            |    40 |   210 |   517 |   493 ||  1260
 Fire: Blowgun           |       |       |       |     2 ||     2
Invok: Berserk           |       |     2 |     1 |     1 ||     4
       Trog's Hand       |       |       |     2 |     5 ||     7
       Brothers in Arms  |       |       |     1 |     1 ||     2
  Use: Potion            |     2 |       |     1 |     3 ||     6
       Scroll            |       |     2 |       |       ||     2
 Stab: Sleeping          |     5 |    15 |    11 |     7 ||    38
       Distracted        |     3 |       |       |       ||     3
  Eat: Bread ration      |       |     1 |       |     1 ||     2
       Pizza             |       |       |     2 |       ||     2
       Royal jelly       |       |       |     1 |     2 ||     3
Armor: Animal skin       |     7 |    14 |    21 |    17 ||    59
Dodge: Dodged            |    72 |   136 |   177 |   170 ||   555
Block: Buckler           |       |    27 |   141 |   142 ||   310
       Reflection        |       |     2 |     4 |     1 ||     7
